 Dungeon Crawl Stone Soup version 0.29.1-1-gd02db6906a (webtiles) character file.

Game seed: 3004991709036271638

62 Linkola the Covered (level 3, -2/31 (33) HPs)
             Began as a Minotaur Fighter on Sept 29, 2022.
             Slain by Crazy Yiuf
             ... wielding a +4 quarterstaff of chaos
              (7 damage)
             ... on level 2 of the Dungeon.
             The game lasted 00:04:30 (1715 turns).

Linkola the Covered (Minotaur Fighter)              Turns: 1715, Time: 00:04:30

HP:   -2/31 (33)    AC:  7    Str: 22    XL:     3   Next: 85%
MP:   2/2           EV:  9    Int:  5    God:
Gold: 67            SH:  4    Dex:  9    Spells: 2/2 levels left

rFire   . . .      SeeInvis .   a - +0 flail
rCold   . . .      Faith    .   c - +0 buckler
rNeg    . . .      Spirit   .   b - +0 scale mail
rPois   .          Reflect  .   (helmet restricted)
rElec   .          Harm     .   (no cloak)
rCorr   .          Rampage  .   (no gloves)
Will    .....                   (no boots)
Stlth   ..........              e - amulet of the acrobat
HPRegen 0.10/turn               (no ring)
MPRegen 0.08/turn               (no ring)

@: drained
A: horns 2, retaliatory headbutt
a: no special abilities


You were on level 2 of the Dungeon.
You visited 1 branch of the dungeon, and saw 2 of its levels.

You collected 67 gold pieces.

Inventory:

Hand Weapons
 a - a +0 flail (weapon)
Missiles
 h - 30 stones (quivered)
 m - 6 poisoned darts
Armour
 b - a +0 scale mail (worn)
 c - a +0 buckler (worn)
Jewellery
 e - an amulet of the acrobat (around neck)
Scrolls
 f - a scroll of enchant armour {unknown}
 i - a scroll of amnesia {unknown}
 j - a scroll of poison {unknown}
 k - a scroll of teleportation {unknown}
 l - a scroll of vulnerability {unknown}
 o - a scroll of immolation {unknown}
Potions
 d - a potion of might
 g - 2 potions of curing
 n - 2 potions of heal wounds
 p - a potion of brilliance {unknown}


   Skills:
 + Level 3.9 Fighting
 + Level 3.1 Maces & Flails
 * Level 1.1 Throwing
 + Level 4.2 Armour
 * Level 1.2 Dodging
 + Level 4.0 Shields


You had 2 spell levels left.
You didn't know any spells.
Your spell library contained the following spells:

 Spells                   Type           Power      Damage    Failure   Level
 Shock                    Conj/Air       0%         1d3       87%         1
 Swiftness                Air            0%         N/A       99%         3
 Airstrike                Air            0%         2d(0-16)  100%        4


Dungeon Overview and Level Annotations

Branches:
Dungeon (2/15)

Altars:
Vehumet

Annotations:
D:2 Crazy Yiuf


Innate Abilities, Weirdness & Mutations

You have a pair of horns on your head.
You reflexively headbutt those who attack you in melee.


Message History

As you open the door, it creaks loudly!
A kobold comes into view. It is wielding a +0 dagger.
The kobold shouts!
The kobold throws a stone.
You block the stone.
Found a stone staircase leading up.
The kobold misses you.
There is an open door here.
You closely miss the kobold. The kobold hits you but does no damage.
You barely miss the kobold. Your headbutt misses the kobold.
The kobold hits you with a +0 dagger.
You thump the kobold!
You kill the kobold!
No target in view!
h - 24 stones (gained 1)
You see here a +0 dagger.
You open the door.
There is an open door here.
You pick up a book of Air and begin reading...
You add the spells Shock, Swiftness and Airstrike to your library.
h - 30 stones (gained 6)
Found a hammer.
Found a runed translucent door.
Crazy Yiuf shouts!
There is a stone staircase leading up here.
You see here a +0 dagger.
You see here a +0 dagger.
Crazy Yiuf glowers.
As you open the door, it creaks loudly!
You closely miss Crazy Yiuf. Your headbutt misses Crazy Yiuf.
Crazy Yiuf hits you with a +4 quarterstaff of chaos!
You hit Crazy Yiuf. You headbutt Crazy Yiuf.
Crazy Yiuf is moderately wounded.
You block Crazy Yiuf's attack.
You barely miss Crazy Yiuf. You headbutt Crazy Yiuf.
Crazy Yiuf is moderately wounded.
Crazy Yiuf yells, "Rifle!
Lay seventy unthinkable."
Crazy Yiuf hits you with a +4 quarterstaff of chaos!
* * * LOW HITPOINT WARNING * * *
You feel drained.
* * * LOW HITPOINT WARNING * * *
Crazy Yiuf hits you with a +4 quarterstaff of chaos!
You die...

##....###
#.....
#....#
######
♣PPP.♣
♣.P.♣♣
♣♣.♣♣
♣.♣♣ ♣♣.♣
♣.♣♣ ♣♣@♣
#g# ...
#...#
#..)#
#####


You could see Crazy Yiuf.

Vanquished Creatures
  Jessica (D:2)
  A dart slug (D:1)
  3 ball pythons
  3 bats
  3 endoplasms
  A giant cockroach (D:2)
  4 goblins
  2 hobgoblins
  A quokka (D:2)
  6 frilled lizards
  8 kobolds
  2 rats
35 creatures vanquished.

Vanquished Creatures (others)
  5 plants (D:1)
5 creatures vanquished.

Grand Total: 40 creatures vanquished

Notes
Turn   | Place    | Note
-------+----------+-------------------------------------------
     0 | D:1      | Linkola the Minotaur Fighter began the quest for the Orb.
     0 | D:1      | Reached XP level 1. HP: 19/19 MP: 0/0
   415 | D:1      | Reached XP level 2. HP: 27/27 MP: 1/1
   981 | D:2      | Found a faded altar of an unknown god.
  1011 | D:2      | Noticed Jessica
  1021 | D:2      | Killed Jessica
  1022 | D:2      | Reached skill level 1 in Throwing
  1022 | D:2      | Reached skill level 1 in Dodging
  1022 | D:2      | Reached XP level 3. HP: 5/33 MP: 2/2
  1452 | D:2      | Found a radiant altar of Vehumet.
  1628 | D:2      | Found a runed translucent door.
  1629 | D:2      | Noticed Crazy Yiuf
  1715 | D:2      | Slain by Crazy Yiuf

Illustrated notes

Levels and vault maps discovered:
D:1:      saegor_arrival_simple_b, layout_basic, lexackson_kobold_supper
D:2:      layout_basic, ebering_ecumenical_altar_hall, basic_altar,
          interstate_on_off, uniq_jessica, uniq_crazy_yiuf_cottage

Skill      XL: |  1  2 |
---------------+-------+-----
Maces & Flails | 3 |  3.1
Throwing       | 1 |  1.1
Armour         | 4 |  4.2
Dodging        | 1 |  1.2
Shields        | 4 |  4.0
Fighting       | |  3.9

Action                   || total
-------------------------++-------
Melee: Flail             ||    66
       Headbutt          ||    13
Throw: Stone             ||    10
  Use: Scroll            ||     3
Armor: Scale mail        ||    23
Dodge: Dodged            ||    31
Block: Buckler           ||    10
